 Dungeon Crawl Stone Soup version 0.28.0 (webtiles) character file.

Game seed: 9631759098598033796

10802 Sanktem7 the Cleaver (level 11, -18/99 HPs)
             Began as a Minotaur Fighter on Feb 17, 2022.
             Was an Initiate of Gozag.
             Killed by drain life
             ... invoked by a soul eater
             ... summoned by an orc sorcerer
              (21 damage)
             ... on level 2 of the Orcish Mines.
             The game lasted 00:24:55 (10008 turns).

Sanktem7 the Cleaver (Minotaur Fighter)            Turns: 10008, Time: 00:24:57

Health: -18/99     AC: 22    Str: 26    XL:     11   Next: 41%
Magic:  10/10      EV:  8    Int: 12    God:    Gozag
Gold:   1058       SH:  4    Dex:  9    Spells: 10/10 levels left

rFire   . . .      SeeInvis +   m - +12 hand axe of Sanktem7's Anguish {drain, Will+ Int+7}
rCold   . . .      Faith    .   c - +0 buckler
rNeg    . . .      Spirit   .   C - +5 plate armour of Vywn {rPois Regen+ rCorr Stlth+}
rPois   +          Reflect  .   (helmet restricted)
rElec   .          Harm     .   (no cloak)
rCorr   +          Rampage  .   (no gloves)
Will    +....                   i - +0 pair of boots
Stlth   ..........              (no amulet)
HPRegen 1.06/turn               r - ring of see invisible
MPRegen 0.12/turn               (no ring)

@: about to teleport, gold aura
A: horns 2, retaliatory headbutt
a: Renounce Religion, Potion Petition, Call Merchant, Bribe Branch


You were on level 2 of the Orcish Mines.
You worshipped Gozag.
Gozag was most pleased with you.
You visited 2 branches of the dungeon, and saw 11 of its levels.

You collected 1896 gold pieces.
You spent 787 gold pieces at shops.
You paid 51 gold pieces to Gozag.

Inventory:

Hand Weapons
 m - the +12 hand axe of Sanktem7's Anguish (weapon) {drain, Will+ Int+7}
   (You found it on level 3 of the Dungeon)

   A truly terrible weapon, it drains the life of any living foe it strikes.
   Int:       It affects your intelligence (+7).
   Will:      It increases your willpower.
Missiles
 a - a boomerang
 v - 4 javelins (quivered)
 B - 6 silver javelins
Armour
 c - a +0 buckler (worn)
 i - a +0 pair of boots (worn)
 C - the +5 plate armour of Vywn (worn) {rPois Regen+ rCorr Stlth+}
   (You bought it in a shop on level 3 of the Dungeon)

   rPois:     It protects you from poison.
   Regen:     It increases your rate of health regeneration.
   rCorr:     It protects you from acid and corrosion.
   Stlth:     It makes you more stealthy.
Jewellery
 f - a ring of magical power
 r - a ring of see invisible (left hand)
 E - a +6 ring of intelligence
Wands
 w - a wand of flame (16)
 y - a wand of charming (1)
Scrolls
 e - 4 scrolls of amnesia
 p - a scroll of teleportation
 x - a scroll of magic mapping
Potions
 d - 4 potions of might
 j - 5 potions of brilliance
 k - 3 potions of curing
 t - 2 potions of mutation


   Skills:
 * Level 10.0 Fighting
 * Level 14.2 Axes
 * Level 3.8 Throwing
 * Level 13.0 Armour
 + Level 1.4 Dodging
 - Level 3.6 Shields


You had 10 spell levels left.
You didn't know any spells.
Your spell library contained the following spells:

 Spells                   Type           Power      Damage    Failure   Level
 Scorch                   Fire           0%         2d5       99%         2
 Confusing Touch          Hex            0%         N/A       100%        3
 Frozen Ramparts          Ice            0%         1d2       100%        3
 Summon Guardian Golem    Hex/Summ       0%         N/A       100%        3
 Tukima's Dance           Hex            0%         N/A       100%        3
 Anguish                  Hex/Necr       0%         N/A       100%        4
 Flame Wave               Conj/Fire      0%         2d4       100%        4
 Ice Form                 Ice/Tmut       0%         N/A       100%        4
 Summon Ice Beast         Ice/Summ       0%         N/A       100%        4
 Iskenderun's Battlesphe  Conj           0%         2d6       100%        5
 Yara's Violent Unravell  Hex/Tmut       0%         3d3       100%        5
 Iron Shot                Conj/Erth      0%         9d1       100%        6
 Summon Cactus Giant      Summ           0%         N/A       100%        6
 Enfeeble                 Hex            0%         N/A       100%        7
 Orb of Destruction       Conj           0%         9d5       100%        7
 Spellforged Servitor     Conj/Summ      0%         N/A       100%        7


Dungeon Overview and Level Annotations

Branches:
Dungeon (9/15)             Temple (0/1) D:7             Orc (2/2) D:9
   Lair: D:8-11         Elf: Orc:2

Altars:
Cheibriados
Dithmenos
Fedhas
Gozag
Nemelex Xobeh
Qazlal
Trog
Yredelemnul
The Shining One

Shops:
D:3 *?::


Innate Abilities, Weirdness & Mutations

You have a pair of horns on your head.
You reflexively headbutt those who attack you in melee.


Message History

The orc sorcerer gestures at you while chanting.
The bolt of fire hits you!!
* * * LOW HITPOINT WARNING * * *
An orc priest comes into view. It is wielding a +0 hand axe.
The orc warrior shouts!
The orc high priest shouts!
You slash the orc sorcerer! You drain the orc sorcerer.
You headbutt the orc sorcerer.
You kill the orc sorcerer!
You hear a shout! x2
The orc warrior is no longer distracted by gold.
Your life force feels restored.
Your Fighting skill increases to level 10!
Your Armour skill increases to level 13!
An orc warrior comes into view. It is wielding a +0 short sword.
The orc warrior shouts!
You hear a shout!
The orc high priest is no longer distracted by gold.
An orc comes into view. It is wielding a +0 trident.
The orc is distracted by your dazzling golden aura.
The orc warrior is distracted by your dazzling golden aura.
The orc sorcerer mumbles some strange words.
The soul eater draws from the surrounding life force!
* * * LOW HITPOINT WARNING * * *
The orc high priest hits you but does no damage.
The orc is distracted by your dazzling golden aura.
The orc priest closely misses you.
The orc shouts!
The orc warrior shouts!
Items here: $ )))) [[[[.
As you read the scroll of teleportation, it crumbles to dust.
You feel strangely unstable.
You hear a shout!
The orc shouts!
The orc is no longer distracted by gold.
The orc priest mumbles some strange prayers to Beogh against you.
Beogh smites you!
* * * LOW HITPOINT WARNING * * *
The orc is distracted by your dazzling golden aura.
The orc warrior hits you from afar with a +0 halberd.
* * * LOW HITPOINT WARNING * * *
The soul eater draws from the surrounding life force!
You die...
Your body crumbles into a pile of gold. .. #..# ooo

#..# .oo.
#o.#
o..3###..#
..oo.....##
..o.3.....##
#ooo....##
#..oo$..#
##o$@$..#
##$.$..#
#######


You could see an orc knight, a soul eater (summoned), an orc high priest, a
ynoxinul (summoned), an orc sorcerer, 6 orc warriors, 2 orc priests and 3 orcs.

Vanquished Creatures
  Josephine (Orc:1)
  An orc high priest (Orc:2)
  2 orc knights
  3 orc sorcerers (Orc:2)
  A troll (D:9)
  A hornet (D:9)
  6 wraiths
  A vampire (D:9)
  A human (D:8)
  2 steam dragons (D:7)
  Menkaure (D:6)
  A warg (Orc:1)
  An acid dragon (D:8)
  5 water moccasins
  An ice beast (D:7)
  3 sky beasts (D:7)
  A necrophage (D:4)
  2 black bears
  13 orc warriors
  2 ogres
  2 centaurs
  4 kobold brigands
  2 bullfrogs
  3 wyvern zombies
  A scorpion (D:4)
  4 killer bees (D:9)
  4 wights (D:7)
  6 howler monkeys
  2 centaur zombies
  7 orc priests
  7 hounds
  A centaur skeleton (D:5)
  2 bullfrog skeletons (D:5)
  3 iguanas
  21 orc wizards
  2 hound skeletons
  Robin (D:3)
  5 adders
  4 gnolls (D:4)
  A white imp (D:6)
  An ufetubus (D:5)
  3 dart slugs
  45 orcs
  9 endoplasms
  15 goblins
  3 hobgoblins
  5 jackals (D:3)
  34 kobolds
  2 quokkas
  A ball python (D:2)
  2 bats
  2 frilled lizards
  A jackal zombie (D:8)
  A kobold zombie (D:8)
  5 rats
  2 bushes (D:5)
262 creatures vanquished.

Vanquished Creatures (others)
  17 plants
17 creatures vanquished.

Grand Total: 279 creatures vanquished

Notes
Turn   | Place    | Note
-------+----------+-------------------------------------------
     0 | D:1      | Sanktem7 the Minotaur Fighter began the quest for the Orb.
     0 | D:1      | Reached XP level 1. HP: 19/19 MP: 0/0
   217 | D:1      | Reached XP level 2. HP: 27/27 MP: 1/1
   477 | D:1      | Found a faded altar of an unknown god.
   723 | D:2      | Reached XP level 3. HP: 32/34 MP: 2/2
   845 | D:2      | Reached skill level 3 in Axes
  1440 | D:3      | Found Oxil's Book Shoppe.
  1440 | D:3      | Found Equst's Book Emporium.
  1442 | D:3      | Found Erhow's Magic Scroll Boutique.
  1453 | D:3      | Bought a scroll of identify for 28 gold pieces
  1547 | D:3      | Found a blossoming altar of Fedhas.
  1697 | D:3      | Noticed Robin
  1702 | D:3      | Reached XP level 4. HP: 32/41 MP: 3/3
  1704 | D:3      | Killed Robin
  1805 | D:3      | Found Xif Feke's Assorted Antiques.
  2181 | D:3      | Reached skill level 4 in Axes
  2468 | D:3      | Identified the +12 hand axe of Sanktem7's Anguish {drain,
                  | Will+ Int+7}
  2572 | D:4      | Noticed a scorpion
  2574 | D:4      | Reached skill level 5 in Fighting
  2574 | D:4      | Reached XP level 5. HP: 48/48 MP: 4/4
  2580 | D:4      | Reached skill level 5 in Armour
  2687 | D:4      | Noticed a necrophage
  2696 | D:4      | Killed a necrophage
  2697 | D:4      | Reached skill level 5 in Axes
  2697 | D:4      | Reached XP level 6. HP: 54/56 MP: 5/5
  2786 | D:4      | Found a glowing golden altar of the Shining One.
  2899 | D:4      | Reached skill level 6 in Axes
  3046 | D:4      | Found an opulent altar of Gozag.
  3081 | D:4      | Reached XP level 7. HP: 62/62 MP: 6/6
  3129 | D:4      | Became a worshipper of Gozag Ym Sagoz the Greedy
  3685 | D:5      | Entered Level 5 of the Dungeon
  3745 | D:5      | Reached skill level 7 in Axes
  4374 | D:3      | Bought a garnet ring for 115 gold pieces
  4653 | D:5      | Reached XP level 8. HP: 69/70 MP: 7/7
  5149 | D:6      | Reached skill level 8 in Axes
  5204 | D:6      | Found a shadowy altar of Dithmenos.
  5207 | D:6      | Noticed Menkaure
  5214 | D:6      | Killed Menkaure
  5309 | D:6      | Reached skill level 9 in Axes
  5477 | D:6      | Found a stormy altar of Qazlal.
  5739 | D:6      | Reached skill level 1 in Dodging
  6519 | D:7      | Reached XP level 9. HP: 66/79 MP: 8/8
  6540 | D:7      | Reached skill level 10 in Axes
  6545 | D:7      | Found a staircase to the Ecumenical Temple.
  7077 | D:7      | Reached skill level 11 in Axes
  7077 | D:7      | Reached skill level 10 in Armour
  7563 | D:3      | Bought a shimmering plate armour for 644 gold pieces
  7563 | D:3      | Identified the +5 plate armour of Vywn {rPois Regen+ rCorr
                  | Stlth+} (You bought it in a shop on level 3 of the Dungeon)
  7766 | D:8      | Found a runed translucent door.
  7773 | D:8      | Found a basalt altar of Yredelemnul.
  8086 | D:8      | Found a sparkling altar of Nemelex Xobeh.
  8201 | D:8      | Reached skill level 1 in Throwing
  8212 | D:8      | Reached XP level 10. HP: 67/90 MP: 9/9
  8270 | D:8      | Found a bloodstained altar of Trog.
  8420 | D:8      | Identified the +0 robe "Ixif" {SInv Archmagi}
  8722 | D:9      | Found a staircase to the Orcish Mines.
  8918 | D:9      | Found a snail-covered altar of Cheibriados.
  9056 | D:9      | Reached skill level 12 in Axes
  9386 | Orc:1    | Entered Level 1 of the Orcish Mines
  9399 | Orc:1    | Noticed an orc knight
  9426 | D:9      | Killed an orc knight
  9545 | Orc:1    | Noticed Josephine
  9728 | Orc:1    | Killed Josephine
  9729 | Orc:1    | Reached skill level 13 in Axes
  9876 | Orc:2    | Entered Level 2 of the Orcish Mines
  9888 | Orc:2    | Noticed an orc sorcerer
  9899 | Orc:1    | Noticed an orc sorcerer
  9900 | Orc:1    | Noticed an orc high priest
  9906 | Orc:1    | Noticed a sixfirhy
  9907 | Orc:1    | Noticed a soul eater
  9911 | Orc:1    | Reached XP level 11. HP: 87/97 MP: 10/10
  9918 | Orc:1    | Noticed a sixfirhy
  9950 | Orc:2    | Killed an orc sorcerer
  9950 | Orc:2    | Noticed an orc high priest
  9953 | Orc:2    | Noticed an orc sorcerer
  9953 | Orc:2    | Noticed an orc knight
  9957 | Orc:2    | Killed an orc high priest
  9963 | Orc:2    | Noticed an orc sorcerer
  9973 | Orc:2    | Noticed an orc high priest
  9979 | Orc:2    | Noticed an orc high priest
  9982 | Orc:2    | Killed an orc knight
  9982 | Orc:2    | Killed an orc sorcerer
  9991 | Orc:2    | Noticed an orc warlord
  9993 | Orc:2    | Noticed an orc sorcerer
  9993 | Orc:2    | Noticed an orc knight
  9994 | Orc:2    | Noticed a soul eater
  9995 | Orc:2    | Noticed an orc knight
 10002 | Orc:2    | Reached skill level 14 in Axes
 10006 | Orc:2    | Killed an orc sorcerer
 10007 | Orc:2    | Reached skill level 10 in Fighting
 10008 | Orc:2    | HP: 3/99 [orc warrior (3)]
 10008 | Orc:2    | Killed from afar by a soul eater

Illustrated notes

Levels and vault maps discovered:
D:1:      dpeg_arrival_rhombus, layout_basic,
          shapermc_ecumenical_altar_mp_highgroup
D:2:      layout_loops_ring, chequers_serial_rivers_micro_b
D:3:      layout_basic, fedhas_altar_3, serial_shops, nicolae_shop_trees,
          nicolae_shop_crystal, nicolae_shop_hallway_plus, shop_fountains,
          uniq_robin
D:4:      layout_loops_ring, grunt_gozag_breadcrumbs,
          mainiacjoe_overflow_concentric_impassable, serial_bayou_ford_a,
          chequers_serial_rivers_small_a
D:5:      kennysheep_kobold_camp, layout_loops_ring, minmay_misc_feat_rows,
          minmay_misc_feat_iff, minmay_hedge_maze
D:6:      layout_basic, kennysheep_little_box, mainiacjoe_overflow_tiny_flanked,
          uniq_menkaure
D:7:      layout_basic, temple_statues, hangedman_misty_isle
D:8:      layout_basic, mainiacjoe_overflow_paths, nemelex_diamond_rough_becter,
          dk_yredelemnul_ordeal
D:9:      layout_loops_ring, cheibriados_altar_1, david_orc_2
Orc:1:    layout_diamond_mine, uniq_josephine
Orc:2:    st_orc_congregation, layout_caves

Skill      XL: |  1  2  3  4  5  6  7  8  9 10 11 |
---------------+----------------------------------+-----
Fighting       | 4 5 6 7 8 9 10 | 10.0
Armour         | 4 5 7 9 10 12 13 | 13.0
Axes           | 3 4 5 6 7 9 11 13 14 | 14.2
Dodging        | 1 |  1.4
Throwing       | 1 3 |  3.8
Shields        | |  3.6

Action                   |  1- 3 |  4- 6 |  7- 9 | 10-12 || total
-------------------------+-------+-------+-------+-------++-------
Melee: War axe           |    71 |    15 |       |       ||    86
       Headbutt          |     7 |     7 |    29 |    33 ||    76
       Hand axe          |       |    32 |   232 |   189 ||   453
  Use: Scroll            |       |       |       |    19 ||    19
       Potion            |       |       |       |     5 ||     5
 Stab: Distracted        |       |       |       |     1 ||     1
Armor: Scale mail        |     5 |       |       |       ||     5
       Chain mail        |    27 |    28 |    78 |       ||   133
       Plate armour      |       |       |    14 |   122 ||   136
Dodge: Dodged            |    22 |    17 |    70 |    78 ||   187
Block: Buckler           |    21 |     3 |    38 |    33 ||    95
